 Dungeon Crawl Stone Soup version 0.31.0-11-ge490571c62 (webtiles) character file.

Game seed: 15656428912113907851

105 qw the Ducker (level 4, -1/22 HPs)
             Began as a Spriggan Hunter on Feb 4, 2024.
             Slain by an orc priest
             ... wielding a +0 flail
              (6 damage)
             ... on level 3 of the Dungeon.
             The game lasted 00:00:05 (1871 turns).

qw the Ducker (Spriggan Hunter)                     Turns: 1871, Time: 00:00:06

Health: -1/22      AC:  2    Str:  7    XL:     4   Next: 54%
Magic:  5/5        EV: 25    Int: 10    God:
Gold:   111        SH:  0    Dex: 20    Spells: 3/3 levels left

rFire   . . .        a - +0 shortbow
rCold   . . .        (shield currently unavailable)
rNeg    + . .        c - +0 robe
rPois   .            (helmet restricted)
rElec   .            (no cloak)
rCorr   .            (gloves unavailable)
SInv    +            (boots unavailable)
Will    .....        (no amulet)
Stlth   ++           i - +5 ring of evasion
HPRegen 0.23/turn    j - ring of positive energy
MPRegen 0.09/turn

%: no passive effects
@: about to teleport, very quick
A: very small, no large weapons, unfitting armour, see invisible, speed 3
a: no special abilities


You were on level 3 of the Dungeon.
You visited 1 branch of the dungeon, and saw 3 of its levels.

You collected 111 gold pieces.


Innate Abilities, Weirdness & Mutations

You are very small and have problems with some larger weapons.
You are too small for most types of armour.
You have supernaturally acute eyesight. (SInv)
You cover ground extremely quickly. (Speed+++)


   Skills:
 + Level 1.5 Fighting
 - Level 5.0 Ranged Weapons
 - Level 5.1 Dodging
 - Level 1.5 Stealth


You had 3 spell levels left.
You didn't know any spells.
Your spell library was empty.

Inventory:

Hand Weapons
 a - a +0 shortbow (weapon)
Armour
 c - a +0 robe (worn)
Jewellery
 i - a +5 ring of evasion (left hand)
 j - a ring of positive energy (right hand)
Wands
 b - a wand of mindburst (8)
Scrolls
 n - a scroll of identify
Potions
 e - 2 potions of enlightenment
 f - a potion of ambrosia {unknown}
 g - a potion of degeneration {unknown}
 h - 2 potions of might
 k - a potion of resistance {unknown}
 l - a potion of berserk rage {unknown}
 m - 2 potions of curing

Dungeon Overview and Level Annotations

Branches:
Dungeon (3/15)

Altars:

Shops:
D:1 *   D:2 (


Message History

The orc wizard gestures at you while chanting.
The puff of flame hits you!
An orc priest comes into view. It is wielding a +0 flail.
You shoot an arrow.
The arrow closely misses the orc wizard.
The orc priest shouts!
You shoot an arrow. The arrow hits the orc wizard!
The orc wizard is severely wounded.
The orc wizard hits you with a +0 dagger.
You shoot an arrow. The arrow barely misses the orc wizard.
The orc wizard closely misses you.
You shoot an arrow. The arrow hits the orc wizard!
You kill the orc wizard!
Your Dodging skill increases to level 5!
You shoot an arrow. The arrow hits the kobold.
You kill the kobold!
You shoot an arrow. The arrow hits the orc priest.
The orc priest is moderately wounded.
The orc priest closely misses you.
You shoot an arrow. The arrow barely misses the orc priest.
The orc priest misses you.
You shoot an arrow. The arrow hits the orc priest.
The orc priest is heavily wounded.
The orc priest misses you.
You shoot an arrow.
The arrow completely misses the orc priest.
The orc priest hits you with a +0 flail.
The orc priest mumbles some strange prayers to Beogh against you.
Pain shoots through your body!
1869 ||| READING scroll of teleportation.
As you read the scroll of teleportation, it crumbles to dust.
You feel strangely unstable. The orc priest completely misses you.
You shoot an arrow.
The arrow closely misses the orc priest.
The orc priest closely misses you.
You shoot an arrow.
The arrow closely misses the orc priest.
The orc priest hits you with a +0 flail.
You die...

#.......#.##.# #. ...#
#.......#.##.# #. ....
#.......#.##.####. .....
#.......#'##...... .....
#..........#######
......#.................
.....)#.................
......o......>...#.>....
....###@####............
. #.# #######.##### #%#
#...... #.# ####### #.#
# #.. # #.. # #.. #
#######


You could see an orc priest.

Vanquished Creatures
  An orc wizard (D:3)
  3 adders
  2 ribbon worms
  A dart slug (D:1)
  6 orcs
  4 endoplasms
  A giant cockroach (D:1)
  4 goblins
  2 hobgoblins
  3 kobolds
  2 quokkas (D:1)
  3 ball pythons
  5 bats
  A frilled lizard (D:2)
  6 rats
44 creatures vanquished.

Notes
Turn   | Place    | Note
-------+----------+-------------------------------------------
     0 | D:1      | qw the Spriggan Hunter began the quest for the Orb.
     0 | D:1      | Reached XP level 1. HP: 10/10 MP: 2/2
     0 | D:1      | 0 ||| qw: Version: 0.3-a-160-g6735b56
     0 | D:1      | 0 ||| qw: Game counter: 4722
     0 | D:1      | 0 ||| qw: Melee chars always use a shield: true
     0 | D:1      | 0 ||| qw: God list: Okawaru
     0 | D:1      | 0 ||| qw: Allow faded altars: false
     0 | D:1      | 0 ||| qw: Do Orc after clearing Dungeon:15 true
     0 | D:1      | 0 ||| qw: Do second Lair branch before Depths: true
     0 | D:1      | 0 ||| qw: Lair rune preference: random
     0 | D:1      | 0 ||| qw: Goals: Normal
     0 | D:1      | 0 ||| PLANNING D:1-11
    28 | D:1      | Reached skill level 3 in Dodging
   158 | D:1      | Found Houhesku's General Store.
   186 | D:1      | Reached XP level 2. HP: 14/14 MP: 3/3
   734 | D:1      | Found a faded altar of an unknown god.
   742 | D:1      | 742 ||| UPGRADING to +5 ring of evasion.
   743 | D:1      | 743 ||| UPGRADING to ring of positive energy.
   744 | D:1      | 744 ||| READING 2 scrolls labelled CUAM SUSIGEGE.
   745 | D:1      | 745 ||| READING scroll labelled YPPARH PETTU.
   745 | D:1      | 745 ||| IDENTIFYING yellow potion
   746 | D:1      | 746 ||| DRINKING 3 red potions.
   747 | D:1      | 747 ||| DRINKING 2 black potions.
   748 | D:1      | 748 ||| DROPPING scroll of butterflies.
   749 | D:1      | 749 ||| DROPPING potion of brilliance.
   750 | D:1      | 750 ||| DROPPING scroll of noise.
   857 | D:2      | HP: 3/14 [ribbon worm (5)]
   862 | D:2      | Reached XP level 3. HP: 5/18 MP: 4/4
  1127 | D:2      | Found Jalokogoi's Weapon Shop.
  1153 | D:2      | 1153 ||| SHOPLISTING +2 heavy sling (191 gold, have 90).
  1484 | D:2      | 1484 ||| READING scroll of identify.
  1484 | D:2      | 1484 ||| IDENTIFYING metallic orange potion
  1485 | D:2      | 1485 ||| READING 2 scrolls labelled WAVITU ALIR.
  1488 | D:2      | 1488 ||| READING scroll labelled JIROKUH WIODU.
  1616 | D:3      | 1616 ||| PLANNING SEWER
  1850 | D:3      | Reached XP level 4. HP: 22/22 MP: 5/5
  1868 | D:3      | HP: 4/22 [orc priest/nerve-wracking pain (2)]
  1869 | D:3      | 1869 ||| READING scroll of teleportation.
  1871 | D:3      | Slain by an orc priest

Levels and vault maps discovered:
D:1:      kennysheep_arrival_forest, layout_loops_ring,
          chequers_ecumenical_altar_grove, serial_shops, shop
D:2:      layout_loops_ring, serial_shops, shop, item_on_display_a
D:3:      layout_basic, nicolae_overflow_hidden_temple, portal_sewer_entry_e

Skill      XL: |  1  2  3  4 |
---------------+-------------+-----
Dodging        | 3 4 5 |  5.1
Ranged Weapons | 5 |  5.0
Fighting       | |  1.5
Stealth        | |  1.5

Action                     |  1- 3 |  4- 6 || total
---------------------------+-------+-------++-------
   Fire: Shortbow          |   116 |    19 ||   135
    Use: Scroll            |     5 |     1 ||     6
         Potion            |     2 |       ||     2
 Armour: Robe              |    13 |     5 ||    18
  Dodge: Dodged            |    43 |     7 ||    50

Table legend:
 A = Non-vault XP
 B = Vault XP
 C = Vault XP percentage of total XP
 D = Non-vault monster count
 E = Vault monster count
 F = Vault count percentage of total count
                 A         B        C        D         E       F
            +---------+---------+-------+---------+---------+-------
      Total |     151 |       0 |   0.0 |      44 |       0 |   0.0
            +---------+---------+-------+---------+---------+-------
        D:1 |      29 |       0 |   0.0 |      16 |       0 |   0.0
        D:2 |      59 |       0 |   0.0 |      19 |       0 |   0.0
        D:3 |      63 |       0 |   0.0 |       9 |       0 |   0.0
            +---------+---------+-------+---------+---------+-------
